AoeStats
← marc10der

Northern Isles

510277202Analyzed
1v1 RM · 1d ago on Sep 30, 2026· 45m 51s· 2 players
Game mode
Random Map
Map size
Tiny (2 player)
Population
200
Speed
Normal
Resources
Standard
Victory
Conquest
Starting age
Dark Age
Ending age
Imperial Age
RankedLock teamsTeams togetherTeam positionsShared explorationLock speedFull tech treeHidden civsTurbo modeCheats
Victory
Defeat
🇨🇭 Japanese · Switzerland
777
+16
🇻🇳 Chinese · Vietnam
776
-16
Peony'hihi
11:52 Feudal Age
10:09 Loom
12:58 Double-Bit Axe
13:34 Fishing Lines
18:30 Castle Age
16:54 Stone Mining
18:05 Wheelbarrow
17:18 Town Watch
17:26 Fletching
17:37 Padded Archer Armor
22:53 Gold Mining
24:43 Gillnets
25:50 Gold Shaft Mining
25:45 Medium Warships
24:56 Demolition Ship
29:33 Ballistics
30:18 Stone Shaft Mining
34:02 Imperial Age
32:36 Careening
32:35 Great Wall
32:55 Masonry
32:53 Siphons
34:22 Clinker Construction
36:27 Chemistry
35:49 Dry Dock
34:53 Heavy Demolition Ship
39:48 Bombard Tower
40:36 Bow Saw
40:50 Bodkin Arrow
41:49 Leather Archer Armor
43:25 Conscription
marc10der
1:21 Loom
14:15 Feudal Age
18:50 Castle Age
17:25 Double-Bit Axe
21:36 Gold Mining
25:22 Stone Mining
26:08 Gold Shaft Mining
28:27 Wheelbarrow
27:38 Town Watch
31:04 Bow Saw
30:36 Horse Collar
34:34 Imperial Age
33:34 Heavy Plow
37:49 Chemistry
37:09 Ballistics
38:58 Elite Cannon Galleon
45:11 Conscription
Connection lost

Rejoining the realm…

Still unreachable

The connection could not be restored.

Session expired

The server has moved on; the page needs a fresh start.